 Dungeon Crawl Stone Soup version 0.27-a0-1384-g1422d76b99 (webtiles) character file.

Game seed: 3228621094901076379

47 bilbop the Caller (level 3, 0/20 HPs)
             Began as a Deep Elf Summoner on July 1, 2021.
             Succumbed to an adder's poison
             ... on level 2 of the Dungeon.
             The game lasted 00:09:13 (1394 turns).

bilbop the Caller (Deep Elf Summoner)               Turns: 1394, Time: 00:09:13

Health: 0/20       AC:  4    Str:  5    XL:     3   Next: 48%
Magic:  3/9        EV: 13    Int: 20    God:
Gold:   38         SH:  0    Dex: 21    Spells: 7/8 levels left

rFire    . . .     SeeInvis .   a - +0 dagger
rCold    . . .     Faith    .   (no shield)
rNeg     . . .     Spirit   .   b - +0 robe
rPois    .         Reflect  .   c - +1 helmet
rElec    .         Harm     .   (no cloak)
rCorr    .         Rampage  .   (no gloves)
Will     .....                  (no boots)
Stlth    +++.......             (no amulet)
HPRegen  0.06/turn              e - +6 ring of dexterity
MPRegen  0.11/turn              (no ring)

@: lethally poisoned (0 -> -2)
A: no striking features
a: no special abilities


You were on level 2 of the Dungeon.
You visited 1 branch of the dungeon, and saw 2 of its levels.

You collected 38 gold pieces.

Inventory:

Hand Weapons
 a - a +0 dagger (weapon)
Armour
 b - a +0 robe (worn)
 c - a +1 helmet (worn)
Jewellery
 e - a +6 ring of dexterity (left hand)
Scrolls
 h - a scroll of brand weapon {unknown}
 i - a scroll of identify {unknown}
 j - a scroll of magic mapping {unknown}
Potions
 d - a potion of curing {unknown}
 f - 2 potions of resistance {unknown}
 g - 2 potions of lignification {unknown}


   Skills:
 + Level 0.9 Fighting
 + Level 1.1 Short Blades
 + Level 2.9 Dodging
 + Level 3.0 Stealth
 + Level 3.4 Spellcasting
 + Level 4.6 Summonings


You had 7 spell levels left.
You knew the following spells:

 Your Spells              Type           Power      Damage    Failure   Level
a - Summon Small Mammal   Summ           88%        N/A       1%          1

Your spell library contained the following spells:

 Spells                   Type           Power      Damage    Failure   Level
 Call Imp                 Summ           22%        N/A       3%          2
 Call Canine Familiar     Summ           22%        N/A       6%          3
 Summon Guardian Golem    Hex/Summ       12%        N/A       16%         3
 Summon Ice Beast         Ice/Summ       12%        N/A       45%         4
 Summon Lightning Spire   Summ/Air       12%        N/A       45%         4


Dungeon Overview and Level Annotations

Branches:
Dungeon (2/15)

Altars:


Message History

The gnoll is lightly wounded.
Your bat misses the adder. The adder closely misses your bat.
Your bat hits the gnoll.
Your quokka barely misses the gnoll.
You hit the gnoll.
The gnoll is heavily wounded.
Your bat misses the adder. The gnoll barely misses you.
Your bat hits the gnoll but does no damage.
Your quokka bites the gnoll.
The adder misses your quokka.
You barely miss the gnoll.
The gnoll is heavily wounded.
Your bat closely misses the gnoll.
Your bat hits the gnoll but does no damage.
The gnoll hits you with a +0 whip.
The gnoll hits your bat with a +0 flail.
Your bat dies!
Your bat's corpse disappears in a puff of smoke!
Your quokka bites the gnoll.
You hit the gnoll but do no damage.
The gnoll is severely wounded.
The gnoll misses you. The adder barely misses you.
Your quokka completely misses the gnoll.
Your quokka barely misses the gnoll.
The adder bites you.
* * * LOW HITPOINT WARNING * * *
You are lethally poisoned!
The adder poisons you!
* * * LOW HITPOINT WARNING * * *
You feel sick.
Your quokka bites the gnoll.
* * * LOW HITPOINT WARNING * * *
You feel sick.
* * * LOW HITPOINT WARNING * * *
You feel sick.
The gnoll hits your quokka with a +0 halberd!
Your quokka dies!
Your quokka's corpse disappears in a puff of smoke!
The adder barely misses you.
* * * LOW HITPOINT WARNING * * *
You feel sick.
* * * LOW HITPOINT WARNING * * *
You feel sick.
You die...

...# #...# ...# #.>.#
...# #########...#
...#######...........#
.....................#
................##...#
..####.###......######
..# #...........# ..#
#####..#...@#
#.#######........#
#.#........##..Sg#
..........###....######
...........)....g.....#
.........).[....gg....#
._........†...........#
......................#
......................#


You could see 4 gnolls and an adder.

Vanquished Creatures
  A kobold (D:2)
  A rat (D:1)
2 creatures vanquished.

Vanquished Creatures (collateral kills)
  Jessica (D:2)
  Terence (D:2)
  A bat (D:2)
  An endoplasm (D:2)
  2 giant cockroaches
  2 hobgoblins (D:2)
  A quokka (D:1)
  A ball python (D:1)
  2 frilled lizards
  4 goblins
  4 kobolds
  2 rats
22 creatures vanquished.

Vanquished Creatures (others)
  An adder (D:2)
  A ball python (D:2)
2 creatures vanquished.

Grand Total: 26 creatures vanquished

Notes
Turn   | Place    | Note
-------+----------+-------------------------------------------
     0 | D:1      | bilbop the Deep Elf Summoner began the quest for the Orb.
     0 | D:1      | Reached XP level 1. HP: 10/10 MP: 6/6
   855 | D:1      | Reached XP level 2. HP: 16/16 MP: 5/8
   919 | D:2      | Noticed Terence
   929 | D:2      | Killed Terence
   930 | D:2      | Reached XP level 3. HP: 8/20 MP: 5/9
   997 | D:2      | Noticed Jessica
  1002 | D:2      | Killed Jessica
  1003 | D:2      | Reached skill level 1 in Short Blades
  1201 | D:2      | Found a faded altar of an unknown god.
  1393 | D:2      | HP: 1/20 [poisoned by an adder]
  1394 | D:2      | Succumbed to an adder's poison

Illustrated notes

Levels and vault maps discovered:
D:1:      amcnicky_arrival_flooded_fountain, layout_loops_ring
D:2:      layout_rooms, basic_ecumenical_altar, minmay_misc_feat_enclosed,
          lemuel_old_faithful, uniq_terence, uniq_jessica

Skill      XL: |  1  2  3 |
---------------+----------+-----
Short Blades   | 1 |  1.1
Stealth        | 3 |  3.0
Fighting       | |  0.9
Dodging        | |  2.9
Spellcasting   | |  3.4
Summonings     | |  4.6

Action                   || total
-------------------------++-------
Melee: Dagger            ||    24
 Cast: Summon Small Mamm ||    49
 Stab: Sleeping          ||     1
Armor: Robe              ||    10
Dodge: Dodged            ||    17

Table legend: (Time is in decaauts)
 A = Elapsed time spent in this place.
 B = Non-inter-level travel time spent in this place.
 C = Inter-level travel time spent in this place.
 D = Time resting spent in this place.
 E = Time spent auto-exploring this place.
 F = Levels seen in this place.
 G = Mean time per level.
                   A        B        C        D        E       F      G
               +--------+--------+--------+--------+--------+-----+--------+
         Total |   1392 |   1354 |     38 |     67 |   1040 |   2 |  696.0 |
       Dungeon |   1392 |   1354 |     38 |     67 |   1040 |   2 |  696.0 |
               +--------+--------+--------+--------+--------+-----+--------+

Top non-repeatable levels by time:
     D:1: 917 daAuts
     D:2: 474 daAuts
